SNL (28 & UNDER)
WICHITA WRANGLERS @ MEMPHIS BLUES
07/23/2023
 
TOP OF THE 1ST
Wichita Wranglers batting - Pitching for Memphis Blues : RHP Mark MacGruder
Pitching: RHP Mark MacGruder
Batting: SHB Martín Medina 0-0: Ball
1-0: SINGLE (Groundball, 4MD)
Batting: RHB António Gonzáles 0-0: Swinging Strike
0-1: Called Strike
0-2: Ball
1-2: Strikes out swinging
Batting: RHB Gustavo Díaz 0-0: Ball
Martín Medina is caught stealing 2nd base
1-0: Called Strike
1-1: Foul Ball, location: 2F
1-2: Foul Ball, location: 2F
1-2: Ground out 5-3 (Groundball, 5)
Top of the 1st over - 0 run(s), 1 hit(s), 0 error(s), 0 left on base; Wichita 0 - Memphis 0
BOTTOM OF THE 1ST
Memphis Blues batting - Pitching for Wichita Wranglers : RHP Dave Grant
Pitching: RHP Dave Grant
Batting: RHB Jorge Fuentes 0-0: Swinging Strike
0-1: Foul Ball, location: 2F
0-2: Fly out, F4 (Popup, 4)
Batting: RHB Sadao Kato 0-0: Ball
1-0: Ground out 5-3 (Groundball, 56S)
Batting: RHB Peyton Pennington 0-0: Foul Ball, location: 2F
0-1: Ball
1-1: Ground out 6-3 (Groundball, 6M)
Bottom of the 1st over - 0 run(s), 0 hit(s), 0 error(s), 0 left on base; Wichita 0 - Memphis 0
TOP OF THE 2ND
Wichita Wranglers batting - Pitching for Memphis Blues : RHP Mark MacGruder
Batting: RHB Bob Hall 0-0: Called Strike
0-1: SINGLE (Groundball, 4D)
Batting: RHB George Clark 0-0: Ball
1-0: Foul Ball, location: 2F
1-1: Swinging Strike
1-2: Strikes out swinging
Batting: LHB Mario Cornelo 0-0: Called Strike
Bob Hall is caught stealing 2nd base
0-1: Foul Ball, location: 2F
0-2: Ball
1-2: Foul Ball, location: 2F
1-2: Ball
2-2: Foul Ball, location: 2F
2-2: Ground out 4-3 (Groundball, 4)
Top of the 2nd over - 0 run(s), 1 hit(s), 0 error(s), 0 left on base; Wichita 0 - Memphis 0
BOTTOM OF THE 2ND
Memphis Blues batting - Pitching for Wichita Wranglers : RHP Dave Grant
Batting: RHB Cal Keys 0-0: Called Strike
0-1: Ball
1-1: Ball
2-1: Foul Ball, location: 2F
2-2: Strikes out swinging
Batting: RHB John Phillips 0-0: Swinging Strike
0-1: Ball
1-1: Called Strike
1-2: Strikes out looking
Batting: RHB Dave Wookey 0-0: Ball
1-0: Called Strike
1-1: SOLO HOME RUN (Flyball, 8LXD), Distance : 447 ft
Batting: RHB Pedro Martínez 0-0: Swinging Strike
0-1: Swinging Strike
0-2: Fly out, F7 (Flyball, 78M)
Bottom of the 2nd over - 1 run(s), 1 hit(s), 0 error(s), 0 left on base; Wichita 0 - Memphis 1
TOP OF THE 3RD
Wichita Wranglers batting - Pitching for Memphis Blues : RHP Mark MacGruder
Batting: RHB Felipe Rivas 0-0: Swinging Strike
0-1: Reached on error, E2 (Groundball, 2R)
Batting: RHB Andrés Lara 0-0: Ball
1-0: Ball
2-0: SINGLE (Line Drive, 78S)
Felipe Rivas to second
Batting: RHB Dave Henderson 0-0: Fly out, F8 (Flyball, 8LM)
Batting: SHB Martín Medina 0-0: Ball
1-0: Fielders Choice at 2nd, 5-4 (Groundball, 56)
Felipe Rivas to third
Batting: RHB António Gonzáles 0-0: Ball
Martín Medina is caught stealing 2nd base
Top of the 3rd over - 0 run(s), 1 hit(s), 1 error(s), 0 left on base; Wichita 0 - Memphis 1
BOTTOM OF THE 3RD
Memphis Blues batting - Pitching for Wichita Wranglers : RHP Dave Grant
Batting: RHB Dave O'Neill 0-0: Called Strike
0-1: Bunted foul
0-2: Ball
1-2: Fly out, F8 (Flyball, 8LD)
Batting: RHB Elliott Rucker 0-0: Ball
1-0: Foul Ball, location: 2F
1-1: Ball
2-1: Ground out 4-3 (Groundball, 4S)
Batting: RHB Jorge Fuentes 0-0: Ball
1-0: Fly out, F9 (Flyball, 89XD)
Bottom of the 3rd over - 0 run(s), 0 hit(s), 0 error(s), 0 left on base; Wichita 0 - Memphis 1
TOP OF THE 4TH
Wichita Wranglers batting - Pitching for Memphis Blues : RHP Mark MacGruder
Batting: RHB António Gonzáles 0-0: Swinging Strike
0-1: Ball
1-1: Foul Ball, location: 2F
1-2: Ball
2-2: Ground out 6-3 (Groundball, 56)
Batting: RHB Gustavo Díaz 0-0: Foul Ball, location: 2F
0-1: Ground out 5-3 (Groundball, 56)
Batting: RHB Bob Hall 0-0: Foul Ball, location: 2F
0-1: Ball
1-1: Foul Ball, location: 2F
1-2: Ball
2-2: Strikes out swinging
Top of the 4th over - 0 run(s), 0 hit(s), 0 error(s), 0 left on base; Wichita 0 - Memphis 1
BOTTOM OF THE 4TH
Memphis Blues batting - Pitching for Wichita Wranglers : RHP Dave Grant
Batting: RHB Sadao Kato 0-0: Called Strike
0-1: Ball
1-1: Ball
2-1: Foul Ball, location: 2F
2-2: Ball
3-2: Ground out 6-3 (Groundball, 6M)
Batting: RHB Peyton Pennington 0-0: Foul Ball, location: 2F
0-1: Foul Ball, location: 2F
0-2: Ball
1-2: Foul Ball, location: 2F
1-2: Strikes out swinging
Batting: RHB Cal Keys 0-0: Ball
1-0: Ball
2-0: Swinging Strike
2-1: Foul Ball, location: 2F
2-2: Foul Ball, location: 2F
2-2: Strikes out swinging
Bottom of the 4th over - 0 run(s), 0 hit(s), 0 error(s), 0 left on base; Wichita 0 - Memphis 1
TOP OF THE 5TH
Wichita Wranglers batting - Pitching for Memphis Blues : RHP Mark MacGruder
Batting: RHB George Clark 0-0: Called Strike
0-1: Ball
1-1: SINGLE (Groundball, 6MD)
Batting: LHB Mario Cornelo 0-0: Ball
1-0: Ball
2-0: Foul Ball, location: 2F
2-1: Grounds into double play, U4-3 (Groundball, 4)
Batting: RHB Felipe Rivas 0-0: Fly out, F4 (Popup, 34D)
Top of the 5th over - 0 run(s), 1 hit(s), 0 error(s), 0 left on base; Wichita 0 - Memphis 1
BOTTOM OF THE 5TH
Memphis Blues batting - Pitching for Wichita Wranglers : RHP Dave Grant
Batting: RHB John Phillips 0-0: SINGLE (Groundball, 56D)
Batting: RHB Dave Wookey 0-0: Grounds into double play, 1-6-3 (Groundball, 13S)
Batting: RHB Pedro Martínez 0-0: Called Strike
0-1: Ball
1-1: SINGLE (Line Drive, 34)
Batting: RHB Dave O'Neill 0-0: Foul Ball, location: 2F
0-1: Called Strike
0-2: Ball
1-2: Ball
2-2: Strikes out swinging
Bottom of the 5th over - 0 run(s), 2 hit(s), 0 error(s), 1 left on base; Wichita 0 - Memphis 1
TOP OF THE 6TH
Wichita Wranglers batting - Pitching for Memphis Blues : RHP Mark MacGruder
Batting: RHB Andrés Lara 0-0: Called Strike
0-1: TRIPLE (Groundball, 5L)
Batting: RHB Dave Henderson 0-0: SINGLE (Line Drive, 6MD)
Andrés Lara scores
Batting: SHB Martín Medina 0-0: Called Strike
0-1: Ball
1-1: Ball
2-1: Ball
3-1: Called Strike
Dave Henderson steals 2nd base
3-2: Fly out, F8 (Flyball, 8LXD)
Runner from 2nd tags up, SAFE at 3rd, no throw
Batting: RHB António Gonzáles 0-0: Called Strike
0-1: Foul Ball, location: 2F
0-2: Ball
1-2: Ball
2-2: Strikes out swinging
Batting: RHB Gustavo Díaz 0-0: Ball
1-0: Fly out, F9 (Flyball, 9D)
Top of the 6th over - 1 run(s), 2 hit(s), 0 error(s), 1 left on base; Wichita 1 - Memphis 1
BOTTOM OF THE 6TH
Memphis Blues batting - Pitching for Wichita Wranglers : RHP Dave Grant
Batting: RHB Elliott Rucker 0-0: Ground out 1-3 (Groundball, 15)
Batting: RHB Jorge Fuentes 0-0: Ball
1-0: Ball
2-0: Called Strike
2-1: Fly out, F7 (Flyball, 78M)
Batting: RHB Sadao Kato 0-0: Swinging Strike
0-1: Ball
1-1: Fly out, F5 (Line Drive, 56S)
Bottom of the 6th over - 0 run(s), 0 hit(s), 0 error(s), 0 left on base; Wichita 1 - Memphis 1
TOP OF THE 7TH
Wichita Wranglers batting - Pitching for Memphis Blues : RHP Mark MacGruder
Batting: RHB Bob Hall 0-0: Ball
1-0: Ball
2-0: Ball
3-0: Base on Balls
Batting: RHB George Clark 0-0: Ball
1-0: Swinging Strike
1-1: Ball
2-1: Called Strike
2-2: Ball
3-2: Foul Ball, location: 2F
3-2: Fielders Choice at 2nd, 6-4 (Groundball, 56)
Batting: LHB Mario Cornelo 0-0: Swinging Strike
0-1: Fly out, F8 (Flyball, 8RD)
Batting: RHB Felipe Rivas 0-0: Ball
1-0: Ball
2-0: SINGLE (Flyball, 78S)
George Clark to second
Batting: RHB Andrés Lara 0-0: SINGLE (Line Drive, 89S)
George Clark to third
Felipe Rivas to second
Runner from 3rd tries for Home, SAFE, no throw or cutoff
Pinch Hitting: RHB Cho-yun Qiao 0-0: Foul Ball, location: 2F
0-1: Foul Ball, location: 2F
0-2: Strikes out swinging
Top of the 7th over - 1 run(s), 2 hit(s), 0 error(s), 2 left on base; Wichita 2 - Memphis 1
BOTTOM OF THE 7TH
Memphis Blues batting - Pitching for Wichita Wranglers : RHP Dave Grant
Now at 2B: Anthony Rucker
Batting: RHB Peyton Pennington 0-0: Called Strike
0-1: Swinging Strike
0-2: Fly out, F6 (Line Drive, 6S)
Batting: RHB Cal Keys 0-0: Ball
1-0: Called Strike
1-1: Swinging Strike
1-2: Foul Ball, location: 2F
1-2: Foul Ball, location: 2F
1-2: Ball
2-2: Ball
3-2: Strikes out swinging
Batting: RHB John Phillips 0-0: Ball
1-0: Ball
2-0: Ball
3-0: Base on Balls
Pinch Hitting: LHB Félix García 0-0: Ball
John Phillips steals 2nd base
1-0: Ball
2-0: Ball
3-0: Base on Balls
Pinch Hitting: RHB Dale Taylor 0-0: Hit by Pitch
John Phillips to third
Félix García to second
Pinch Hitting: LHB Arturo Rivera 0-0: Fly out, F9 (Line Drive, 9M)
Bottom of the 7th over - 0 run(s), 0 hit(s), 0 error(s), 3 left on base; Wichita 2 - Memphis 1
TOP OF THE 8TH
Wichita Wranglers batting - Pitching for Memphis Blues : RHP Mark MacGruder
Now at 3B: Iván García
Now in CF: Arturo Rivera
Now in RF: Félix García
Batting: SHB Martín Medina 0-0: Ball
1-0: Called Strike
1-1: Ball
2-1: Called Strike
2-2: Foul Ball, location: 2F
2-2: Foul Ball, location: 2F
2-2: Foul Ball, location: 2F
2-2: Foul Ball, location: 2F
2-2: Ball
3-2: SINGLE (Groundball, 56)
Pitching: LHP Robert Flannery
Batting: RHB António Gonzáles 0-0: Ball
Martín Medina steals 2nd base
1-0: Fly out, F7 (Flyball, 78S)
Batting: RHB Gustavo Díaz 0-0: Ground out 5-3 (Groundball, 56)
Batting: RHB Bob Hall 0-0: Ball
1-0: Ball
2-0: Foul Ball, location: 2F
2-1: Ball
3-1: Swinging Strike
3-2: Base on Balls
Batting: RHB George Clark 0-0: Called Strike
0-1: Foul Ball, location: 2F
0-2: Ball
1-2: Foul Ball, location: 2F
1-2: Foul Ball, location: 2F
1-2: Fly out, F7 (Flyball, 7LD)
Top of the 8th over - 0 run(s), 1 hit(s), 0 error(s), 2 left on base; Wichita 2 - Memphis 1
BOTTOM OF THE 8TH
Memphis Blues batting - Pitching for Wichita Wranglers : RHP Dave Grant
Batting: RHB Elliott Rucker 0-0: Ball
1-0: Ball
2-0: Ground out 4-3 (Groundball, 34)
Batting: RHB Jorge Fuentes 0-0: Called Strike
0-1: Ball
1-1: Ball
2-1: Ball
3-1: Foul Ball, location: 2F
3-2: Foul Ball, location: 2F
3-2: Base on Balls
Pitching: LHP Tommy Campbell
Batting: RHB Sadao Kato 0-0: Ball
1-0: Ball
2-0: Ball
3-0: Called Strike
3-1: Foul Ball, location: 2F
3-2: Fly out, F8 (Flyball, 8LM)
Pitching: RHP Pedro Martínez
Batting: RHB Peyton Pennington 0-0: Called Strike
0-1: Ball
1-1: Called Strike
1-2: Foul Ball, location: 2F
1-2: Fly out, F8 (Flyball, 8LM)
Bottom of the 8th over - 0 run(s), 0 hit(s), 0 error(s), 1 left on base; Wichita 2 - Memphis 1
TOP OF THE 9TH
Wichita Wranglers batting - Pitching for Memphis Blues : LHP Robert Flannery
Batting: LHB Mario Cornelo 0-0: Called Strike
0-1: Foul Ball, location: 2F
0-2: Strikes out looking
Batting: RHB Felipe Rivas 0-0: Ball
1-0: Ball
2-0: DOUBLE (Line Drive, 7LM)
Batting: RHB Andrés Lara 0-0: Fly out, F9 (Flyball, 89M)
Batting: RHB Anthony Rucker 0-0: Ball
1-0: SINGLE (Line Drive, 78S)
Felipe Rivas to third
Runner from 3rd tries for Home, SAFE, no throw or cutoff
Batting: SHB Martín Medina 0-0: Ball
Anthony Rucker is caught stealing 2nd base
Top of the 9th over - 1 run(s), 2 hit(s), 0 error(s), 0 left on base; Wichita 3 - Memphis 1
BOTTOM OF THE 9TH
Memphis Blues batting - Pitching for Wichita Wranglers : RHP Pedro Martínez
Pitching: RHP Clark Edwards
Batting: RHB Cal Keys 0-0: Called Strike
0-1: SINGLE (Line Drive, 56)
Pinch Hitting: RHB Bob Orr 0-0: Called Strike
0-1: Foul Ball, location: 2F
0-2: SINGLE (Groundball, 6MD)
Cal Keys to second
Batting: LHB Félix García 0-0: Ball
1-0: Bunted foul
1-1: Bunted foul
1-2: Strikes out swinging
Pinch Hitting: LHB Kieran Farris 0-0: Ball
1-0: Called Strike
1-1: Fielders Choice at 3rd, U5 (Groundball, 5L)
Bob Orr to second
Batting: LHB Arturo Rivera 0-0: Called Strike
0-1: Foul Ball, location: 2F
0-2: Ball
1-2: Ball
2-2: Strikes out swinging
Bottom of the 9th over - 0 run(s), 2 hit(s), 0 error(s), 2 left on base; Wichita 3 - Memphis 1
This league is powered by Out of the Park Baseball, the baseball management simulation game for PC, Mac and Linux
Wednesday, December 2nd, 2015 - OOTP Baseball 16.8 Build 38